 Dungeon Crawl Stone Soup version 0.29.1-12-g30fa7ad0bf (webtiles) character file.

Game seed: 11579378019665849064

1542 wormed the Slasher (level 8, -7/64 HPs)
             Began as a Demonspawn Gladiator on Dec 28, 2022.
             Was a Priest of Jiyva.
             Killed by divine providence
             ... invoked by an orc priest
              (13 damage)
             ... on level 7 of the Dungeon.
             The game lasted 00:09:03 (6570 turns).

wormed the Slasher (Demonspawn Gladiator)           Turns: 6570, Time: 00:09:04

Health: -7/64      AC:  7    Str: 15    XL:     8   Next: 56%
Magic:  8/8        EV: 14    Int: 10    God:    Jiyva [***...]
Gold:   231        SH:  0    Dex: 16    Spells: 7/7 levels left

rFire   . . .      SeeInvis .   a - +0 long sword
rCold   + + +      Faith    .   (no shield)
rNeg    . . .      Spirit   .   k - +0 ring mail
rPois   +          Reflect  .   l - +1 hat
rElec   .          Harm     .   (no cloak)
rCorr   +          Rampage  .   (no gloves)
Will    .....                   q - +0 pair of boots
Stlth   +.........              (no amulet)
HPRegen 1.32/turn               (no ring)
MPRegen 0.46/turn               (no ring)

@: mighty
A: hooves 1, demonic guardian 2, powered by pain 1, sturdy frame 2, cold
resistance 3, poison resistance
a: Renounce Religion, Oozemancy


You were on level 7 of the Dungeon.
You worshipped Jiyva.
Jiyva was most pleased with you.
You visited 1 branch of the dungeon, and saw 7 of its levels.
You also visited: Sewer.

You collected 231 gold pieces.

Inventory:

Hand Weapons
 a - a +0 long sword (weapon)
Missiles
 d - 3 throwing nets (quivered)
 e - a javelin
 x - 3 poisoned darts
Armour
 k - a +0 ring mail (worn)
 l - a +1 hat (worn)
 q - a +0 pair of boots (worn)
Wands
 o - a wand of mindburst (22)
Scrolls
 c - 3 scrolls of noise {unknown}
 f - a scroll of blinking {unknown}
 g - 3 scrolls of identify {unknown}
 i - a scroll of fear {unknown}
 p - a scroll of magic mapping {unknown}
 t - 2 scrolls of vulnerability {unknown}
 y - a scroll of teleportation {unknown}
Potions
 b - a potion of flight {unknown}
 h - a potion of curing {unknown}
 j - 2 potions of attraction {unknown}
 m - 5 potions of might {unknown}
 n - 2 potions of heal wounds {unknown}
 r - 2 potions of mutation {unknown}
 s - a potion of invisibility
 u - 2 potions of brilliance {unknown}
 v - a potion of resistance {unknown}
 w - a potion of degeneration {unknown}
 z - a potion of magic {unknown}


   Skills:
 + Level 5.6 Fighting
 * Level 7.4 Long Blades
 - Level 2.0 Throwing
 + Level 5.6 Dodging


You had 7 spell levels left.
You didn't know any spells.
Your spell library contained the following spells:

 Spells                   Type           Power      Damage    Failure   Level
 Beastly Appendage        Tmut           0%         N/A       38%         1
 Necrotise                Necr           0%         1d4       38%         1
 Wereblood                Tmut           0%         N/A       54%         2
 Spider Form              Tmut/Pois      0%         N/A       77%         3
 Vampiric Draining        Necr           0%         2d6       77%         3
 Agony                    Necr           0%         N/A       100%        5
 Fireball                 Conj/Fire      0%         3d3       100%        5
 Starburst                Conj/Fire      0%         6d3       100%        6
 Ignition                 Fire           0%         3d3       100%        8


Dungeon Overview and Level Annotations

Branches:
Dungeon (7/15)             Temple (0/1) D:4           Sewer (visited)

Altars:
Makhleb
Vehumet

Shops:
D:5 *


Innate Abilities, Weirdness & Mutations

You have large cloven feet.
A demonic guardian rushes to your aid.
You sometimes gain a little power by taking damage.
Your movements are less encumbered by armour. (ER -4)
Your flesh is almost immune to the effects of cold. (rC+++)
Your system is resistant to poisons. (rPois)


Message History

Deactivating autopickup; reactivate with Ctrl-A.
Your ice devil hits the orc warrior but does no damage.
The orc warrior barely misses your ice devil.
The orc priest looks braver for a moment.
Your ice devil hits the orc warrior.
Your ice devil freezes the orc warrior!!
The orc warrior dies!
The centaur wields a +0 shortbow.
The centaur shoots an arrow.
The arrow hits your ice devil.
Your ice devil barely misses something.
Something hits your ice devil. Something shocks your ice devil.
Your ice devil hits something!
Your ice devil freezes something!
Something hits your ice devil but does no damage.
Your ice devil barely misses something.
Something hits your ice devil but does no damage.
Your ice devil misses something.
You don't know any spells.
Something hits your ice devil but does no damage.
Something hits your ice devil but does no damage.
Something hits you but does no damage.
You closely miss something. Something hits you but does no damage.
You closely miss something.
Your ice devil disappears in a puff of smoke!
The orc wizard casts a spell.
The orc wizard flickers and vanishes!
Something hits you but does no damage.
You hear a distant slurping noise. x2
The orc priest mumbles some strange prayers to Beogh against you.
Beogh smites you!
* * * LOW HITPOINT WARNING * * *
Something hits you.
* * * LOW HITPOINT WARNING * * *
Something shocks you.
* * * LOW HITPOINT WARNING * * *
You hit something but do no damage. Something hits you.
* * * LOW HITPOINT WARNING * * *
A demonic guardian appears!
Something shocks you.
* * * LOW HITPOINT WARNING * * *
Something hits you but does no damage.
The orc priest calls down the wrath of Beogh upon you.
Beogh smites you!
You die...

#.#####.#
#.....#.#
#####...#.##
.........<.+
######.#.##
#######......#.#
#....##....###.#
#..........# #+#
#.....@....#
#..........#
#.....4....# .
#.......o.## ...
#.........###o....
##.......oo).o....
############c....
... .


You could see an orc priest (ally target), 2 orcs and a friendly orange demon
(summoned).

Vanquished Creatures
  An ice beast (D:6)
  2 ogres (D:5)
  2 bullfrogs (D:6)
  2 scorpions (D:5)
  A howler monkey (D:5)
  2 hounds
  3 orc priests
  3 jellies (Sewer)
  A gnoll bouda (D:4)
  2 iguanas
  4 gnolls
  7 adders
  3 river rats
  A shadow imp (D:7)
  2 white imps
  3 worms
  A dart slug (D:5)
  18 orcs
  12 endoplasms
  9 giant cockroaches
  6 hobgoblins
  3 jackals (D:1)
  7 kobolds
  6 quokkas
  15 ball pythons
  9 bats
  2 frilled lizards (Sewer)
  6 goblins
  8 rats
141 creatures vanquished.

Vanquished Creatures (collateral kills)
  A water moccasin (D:5)
  An orc warrior (D:7)
  A black bear (D:5)
  An ogre (D:5)
  A gnoll sergeant (D:5)
  2 gnolls (D:5)
  An endoplasm (Sewer)
8 creatures vanquished.

Vanquished Creatures (others)
  A centaur (D:6)
  7 jellies
  3 hounds
  An orc priest (D:5)
  2 orc wizards
  4 adders
  3 gnolls (D:4)
  An ufetubus (D:5)
  A worm (D:4)
  A dart slug (D:4)
  4 orcs
  A giant cockroach (D:4)
  A frilled lizard (D:3)
  A goblin (D:4)
  2 plants (D:1)
33 creatures vanquished.

Grand Total: 182 creatures vanquished

Notes
Turn   | Place    | Note
-------+----------+-------------------------------------------
     0 | D:1      | wormed the Demonspawn Gladiator began the quest for the
                  | Orb.
     0 | D:1      | Reached XP level 1. HP: 16/16 MP: 1/1
   122 | D:1      | You fall into a shaft and drop 1 floor!
   285 | D:1      | Found a faded altar of an unknown god.
   294 | D:1      | Gained mutation: You have large cloven feet. [demonic
                  | ancestry]
   294 | D:1      | Reached XP level 2. HP: 17/22 MP: 2/2
   372 | D:1      | Reached skill level 3 in Long Blades
   863 | D:1      | Gained mutation: Your movements are slightly less
                  | encumbered by armour. (ER -2) [demonic ancestry]
   863 | D:1      | Reached XP level 3. HP: 28/28 MP: 3/3
  1358 | D:2      | Identified the +2 war axe "Xushrar" {elec, rN+ Will++ Str-4
                  | Int+4}
  2470 | D:3      | Gained mutation: A weak demonic guardian rushes to your
                  | aid. [demonic ancestry]
  2470 | D:3      | Reached XP level 4. HP: 25/34 MP: 4/4
  2711 | D:3      | Found a glowing drain.
  2749 | Sewer    | Entered a sewer
  2972 | Sewer    | Reached skill level 4 in Long Blades
  3159 | Sewer    | Reached XP level 5. HP: 36/41 MP: 5/5
  3485 | Sewer    | Found a viscous altar of Jiyva.
  3677 | Sewer    | Became a worshipper of Jiyva Jozawkot the Shapeless
  4488 | D:4      | Reached * piety under Jiyva
  4495 | D:4      | Found a burning altar of Makhleb.
  4589 | D:4      | Found a staircase to the Ecumenical Temple.
  4665 | D:4      | Gained mutation: You sometimes gain a little power by
                  | taking damage. [demonic ancestry]
  4665 | D:4      | Reached XP level 6. HP: 47/47 MP: 6/6
  4701 | D:4      | Found a radiant altar of Vehumet.
  5047 | D:4      | Reached ** piety under Jiyva
  5171 | D:5      | Entered Level 5 of the Dungeon
  5273 | D:5      | Noticed a water moccasin
  5286 | D:5      | Reached skill level 5 in Long Blades
  5294 | D:5      | Killed a water moccasin
  5301 | D:5      | Gained mutation: A demonic guardian rushes to your aid.
                  | [demonic ancestry]
  5301 | D:5      | Reached XP level 7. HP: 10/54 MP: 7/7
  5567 | D:5      | Reached skill level 6 in Long Blades
  5762 | D:5      | Found Xighuux's Assorted Antiques.
  5770 | D:5      | Reached *** piety under Jiyva
  6032 | D:5      | Reached skill level 5 in Fighting
  6032 | D:5      | Reached skill level 5 in Dodging
  6032 | D:5      | Gained mutation: Your movements are less encumbered by
                  | armour. (ER -4) [demonic ancestry]
  6032 | D:5      | Reached XP level 8. HP: 22/62 MP: 8/8
  6254 | D:6      | Reached skill level 7 in Long Blades
  6315 | D:6      | Gained mutation: Your system is resistant to poisons.
                  | (rPois) [Jiyva's grace]
  6315 | D:6      | Gained mutation: Your flesh is cold resistant. (rC+)
                  | [Jiyva's grace]
  6315 | D:6      | Gained mutation: Your flesh is very cold resistant. (rC++)
                  | [Jiyva's grace]
  6315 | D:6      | Gained mutation: Your flesh is almost immune to the effects
                  | of cold. (rC+++) [Jiyva's grace]
  6568 | D:7      | HP: 3/64 [something (5)]
  6570 | D:7      | Killed from afar by an orc priest

Illustrated notes

Levels and vault maps discovered:
D:1:      wander_arrival_abandoned_jail, layout_loops_ring,
          shapermc_ecumenical_altar_mp_ritualfount, kennysheep_small_spiral
D:2:      layout_basic
D:3:      layout_basic, cheibrodos_sewer_entry_sluice
D:4:      layout_basic, nicolae_overflow_crystal_walls,
          mainiacjoe_overflow_alcove_4, minmay_temple_entry_large_hall
D:5:      minmay_recursive_quarters, layout_basic, minmay_shop_grid_forest
D:6:      layout_rooms
D:7:      layout_basic, serial_shops, shop, uniq_crazy_yiuf_cottage

Skill      XL: |  1  2  3  4  5  6  7  8 |
---------------+-------------------------+-----
Throwing       | 2 |  2.0
Long Blades    | 3 4 5 6 7 |  7.4
Dodging        | 3 4 5 |  5.6
Fighting       | 3 4 5 |  5.6

Action                   |  1- 3 |  4- 6 |  7- 9 || total
-------------------------+-------+-------+-------++-------
Melee: Long sword        |   115 |   221 |   173 ||   509
       Kick              |    20 |    17 |       ||    37
       Punch             |       |     3 |     4 ||     7
 Stab: Sleeping          |     1 |     1 |       ||     2
Armor: Leather armour    |    46 |       |       ||    46
       Ring mail         |    16 |   104 |    71 ||   191
Dodge: Dodged            |   125 |   204 |   106 ||   435
